 Dungeon Crawl Stone Soup version 0.24-a0-217-g1152973 (webtiles) character file.

Game seed: 10122075361028088202

46 JeffiDaFish the Grave Robber (level 3, 0/17 HPs)
             Began as a Deep Elf Necromancer on Mar 30, 2019.
             Slain by a kobold (3 damage)
             ... on level 2 of the Dungeon.
             The game lasted 00:02:30 (691 turns).

JeffiDaFish the Grave Robber (Deep Elf Necromancer)  Turns: 691, Time: 00:02:30

Health: 0/17       AC:  2    Str:  2 (5)  XL:     3   Next: 44%
Magic:  6/9        EV: 13    Int: 20      God:
Gold:   37         SH:  0    Dex: 13 (15) Spells: 7/9 levels left

rFire    . . .     SeeInvis .   e - +1 dagger
rCold    . . .     Gourm    .   (no shield)
rNeg     . . .     Faith    .   a - +0 robe
rPois    +         Spirit   .   (no helmet)
rElec    .         Reflect  .   (no cloak)
rCorr    .         Harm     .   (no gloves)
MR       .....                  (no boots)
Stlth    ++........             (no amulet)
HPRegen  0.05/turn              (no ring)
MPRegen  0.11/turn              (no ring)

@: no status effects
A: frail 1, low mp 1, poison resistance, screaming 1
a: no special abilities


You were on level 2 of the Dungeon.
You were not hungry.

You visited 1 branch of the dungeon, and saw 2 of its levels.

You collected 37 gold pieces.

Inventory:

Hand Weapons
 e - a +1 dagger (weapon)
 f - a +0 vampiric falchion
Armour
 a - a +0 robe (worn)
Wands
 b - a wand of clouds (5)
Scrolls
 d - a scroll of identify {unknown}
Comestibles
 c - 2 rations
 g - 2 chunks of flesh


   Skills:
 + Level 3.1 Dodging
 - Level 2.4 Stealth
 + Level 3.7 Spellcasting
 * Level 5.6 Necromancy


You had 7 spell levels left.
You knew the following spells:

 Your Spells              Type           Power        Failure   Level  Hunger
a - Pain                  Necr           ####         1%          1    None
b - Animate Skeleton      Necr           N/A          1%          1    None

Your spell library contained the following spells:

 Spells                   Type           Power        Failure   Level  Hunger
 Vampiric Draining        Necr           ####......   3%          3    ###....
 Regeneration             Chrm/Necr      ###.......   12%         3    ###....
 Animate Dead             Necr           N/A          13%         4    ####...


Dungeon Overview and Level Annotations

Branches:
Dungeon (1/15)

Altars:
The Shining One


Innate Abilities, Weirdness & Mutations

You are frail. (-10% HP)
Your magical capacity is low. (-10% MP)
Your system is resistant to poisons. (rPois)
You occasionally shout uncontrollably at your foes.


Message History

t - Shout!
Orders for allies: a - Attack new target. r - Retreat! s - Stop attacking. g - Guard the area. f - Follow me.
Anything else - Cancel.
Retreat in which direction?
Press: ? - help, Dir - move target cursor, f - you
Okay, then.
What are your orders? t - Shout!
Orders for allies: a - Attack new target. r - Retreat! s - Stop attacking. g - Guard the area. f - Follow me.
Anything else - Cancel.
You shout for attention!
The kobold throws a stone.
The stone barely misses you.
The kobold throws a stone.
The stone misses you.
The kobold throws a stone.
The stone hits you but does no damage. The kobold hits you.
You die...

.# #.# ### #.#
##.## #.#
#...### #.#.#
#.....##
########.#.#
##.....#
../....K.#.#
#.....#
#......@.#.#
##....##
#.######Z#.#
##....# ##(#..#
##..### #.###.#
#....# ##.#Z.#
#...## ##.#Z#
##..# ###.##
##..# #..#
##...# ###
#..######8...##


You could see a kobold and a friendly kobold skeleton.

Vanquished Creatures
  Terence (D:2)
  An adder (D:2)
  3 goblins
  2 hobgoblins (D:1)
7 creatures vanquished.

Vanquished Creatures (collateral kills)
  A goblin (D:2)
  A hobgoblin (D:1)
  A bat (D:1)
  A frilled lizard (D:1)
  A kobold (D:2)
5 creatures vanquished.

Grand Total: 12 creatures vanquished

Notes
Turn   | Place    | Note
-------+----------+-------------------------------------------
     0 | D:1      | JeffiDaFish the Deep Elf Necromancer began the quest for
                  | the Orb.
     0 | D:1      | Reached XP level 1. HP: 10/10 MP: 6/6
     2 | D:1      | Learned a level 1 spell: Animate Skeleton
   157 | D:1      | Reached skill level 5 in Necromancy
   455 | D:1      | You fall through a shaft!
   457 | D:2      | Reached XP level 2. HP: 15/15 MP: 6/8
   554 | D:2      | Found a glowing golden altar of the Shining One.
   556 | D:2      | Gained mutation: You are frail. (-10% HP) [potion of
                  | mutation]
   556 | D:2      | Gained mutation: Your magical capacity is low. (-10% MP)
                  | [potion of mutation]
   556 | D:2      | Gained mutation: You occasionally shout uncontrollably at
                  | your foes. [potion of mutation]
   556 | D:2      | Gained mutation: Your system is resistant to poisons.
                  | (rPois) [potion of mutation]
   638 | D:2      | Noticed Terence
   657 | D:2      | Killed Terence
   657 | D:2      | Reached XP level 3. HP: 1/17 MP: 1/9
   691 | D:2      | Slain by a kobold

Levels and vault maps discovered:
D:1:      giann_forest_graveyard, layout_loops_ring, chequers_big_river
D:2:      layout_loops_ring, nicolae_overflow_hidden_temple,
          nicolae_tso_carved_into_rock,
          nicolae_dithmenos_through_a_glass_darkly, grunt_ashenzari_visionary
          [grunt_ashenzari_visionary_shoals, grunt_ashenzari_visionary_spider],
          uniq_terence

Skill      XL: |  1  2 |
---------------+-------+-----
Necromancy     | 5 |  5.6
Dodging        | 3 |  3.1
Stealth        | |  2.4
Spellcasting   | |  3.7

Action                   || total
-------------------------++-------
Melee: Dagger            ||    22
 Cast: Animate Skeleton  ||    14
       Pain              ||    14
  Use: Scroll            ||     1
       Potion            ||     3
 Stab: Sleeping          ||     2
Armor: Robe              ||     2
Dodge: Dodged            ||    28

Table legend:
 A = Non-vault XP
 B = Vault XP
 C = Vault XP percentage of total XP
 D = Non-vault monster count
 E = Vault monster count
 F = Vault count percentage of total count
                 A         B        C        D         E       F
            +---------+---------+-------+---------+---------+-------
      Total |      30 |      36 |  54.5 |      11 |       1 |   8.3
            +---------+---------+-------+---------+---------+-------
        D:1 |      10 |       0 |   0.0 |       6 |       0 |   0.0
        D:2 |      20 |      36 |  64.3 |       5 |       1 |  16.7
            +---------+---------+-------+---------+---------+-------
